AoeStats
← 念

Lombardia

508449076Analyzed
4v4 RM · 10d ago on Sep 22, 2026· 45m 46s· 8 players
Game mode
Random Map
Map size
Large (8 player)
Population
200
Speed
Normal
Resources
Standard
Victory
Conquest
Starting age
Dark Age
Ending age
Imperial Age
RankedLock teamsTeams togetherTeam positionsShared explorationLock speedFull tech treeHidden civsTurbo modeCheats
Victory
Defeat
🇨🇳 Maya · China
1271
+14
🇯🇵 Persians · Japan
1241
+15
🇨🇳 Goths · China
1218
+16
🇹🇼 Portuguese · Taiwan
1200
+17
🇨🇳 Vietnamese · China
1275
-18
🇨🇱 Cumans · Chile
1249
-17
🇦🇹 Magyars · Austria
1189
-14
1165
-13
念
10:16 Feudal Age
14:04 Castle Age
12:14 Double-Bit Axe
13:05 Horse Collar
18:26 Loom
24:08 Wheelbarrow
25:21 Hand Cart
27:06 Bow Saw
28:30 Heavy Plow
28:25 Gold Mining
32:34 Imperial Age
30:58 Scale Mail Armor
31:09 Forging
31:23 Stone Mining
31:48 Chain Mail Armor
31:47 Masonry
31:33 Murder Holes
31:51 Town Watch
32:05 Pikeman
32:46 Squires
33:23 Iron Casting
32:41 Halberdier
35:06 Blast Furnace
34:28 Conscription
34:10 Anarchy
34:43 Elite Huskarl
35:23 Perfusion
35:35 Fletching
36:17 Architecture
36:48 Chemistry
36:08 Ballistics
44:37 Bodkin Arrow
kokowatousaneize
10:36 Feudal Age
14:24 Castle Age
12:30 Double-Bit Axe
12:56 Horse Collar
17:14 Wheelbarrow
19:55 Bow Saw
27:32 Town Watch
28:34 Hand Cart
31:52 Imperial Age
30:41 Caravan
31:12 Scale Barding Armor
31:18 Forging
31:28 Bloodlines
31:18 Husbandry
30:39 Light Cavalry
31:56 Gold Mining
32:31 Chain Barding Armor
33:09 Iron Casting
32:04 Cavalier
32:09 Heavy Camel Rider
33:24 Conscription
34:08 Plate Barding Armor
34:44 Two-Man Saw
33:45 Heavy Plow
34:37 Hussar
36:27 Blast Furnace
36:25 Cavalier
37:09 Fletching
39:12 Savar
七七2025
0:32 Loom
12:12 Feudal Age
18:48 Castle Age
16:35 Double-Bit Axe
17:04 Horse Collar
18:15 Fletching
18:26 Padded Archer Armor
21:10 Bow Saw
21:01 Heavy Plow
25:48 Bodkin Arrow
28:54 Leather Archer Armor
30:32 Wheelbarrow
35:23 Imperial Age
33:10 Hand Cart
34:11 Gold Mining
36:07 Thumb Ring
36:18 Bracer
36:49 Ring Archer Armor
37:00 Conscription
38:06 Chemistry
37:27 Ballistics
37:22 Murder Holes
37:40 Masonry
38:49 Hoardings
39:52 Capped Ram
40:32 Eagle Warrior
41:14 Squires
41:01 Arson
41:18 Scale Mail Armor
41:49 Holcans
42:33 Forging
42:39 Chain Mail Armor
43:24 Town Watch
43:30 Siege Ram
45:43 Elite Eagle Warrior
46:56 Plate Mail Armor
AAOA
11:19 Feudal Age
9:40 Loom
15:27 Castle Age
13:56 Double-Bit Axe
15:34 Horse Collar
16:36 Bow Saw
16:39 Heavy Plow
22:26 Gold Mining
26:02 Caravan
26:57 Crossbowman
29:57 Wheelbarrow
29:49 Town Watch
34:05 Imperial Age
34:17 Imperial Age
32:19 Ballistics
32:11 Fortified Wall
32:46 Masonry
32:42 Fletching
32:53 Padded Archer Armor
34:05 Hand Cart
33:57 Bodkin Arrow
34:21 Arbalester
36:11 Chemistry
35:13 Bracer
35:29 Leather Archer Armor
37:12 Town Patrol
37:44 Crop Rotation
38:17 Two-Man Saw
40:19 Elite Skirmisher
42:02 Murder Holes
42:38 Architecture
41:49 Treadmill Crane
43:16 Ring Archer Armor
44:00 Conscription
45:04 Forging
44:59 Scale Barding Armor
bastianbps
7:32 Loom
9:59 Feudal Age
13:30 Double-Bit Axe
13:53 Horse Collar
18:55 Wheelbarrow
22:17 Castle Age
21:32 Forging
22:38 Bloodlines
22:36 Gold Mining
22:22 Light Cavalry
27:30 Hand Cart
27:36 Scale Barding Armor
28:50 Chain Barding Armor
35:00 Imperial Age
33:50 Iron Casting
35:10 Cavalier
36:27 Plate Barding Armor
36:53 Blast Furnace
36:55 Bow Saw
36:47 Heavy Plow
37:24 Gold Shaft Mining
36:41 Stone Mining
37:13 Conscription
38:05 Crop Rotation
38:13 Paladin
40:47 Steppe Husbandry
40:21 Hussar
42:30 Town Watch
叽里咕噜说啥呢
10:43 Feudal Age
17:30 Castle Age
15:17 Loom
15:43 Double-Bit Axe
19:15 Crossbowman
20:17 Thumb Ring
19:36 Crossbowman
20:15 Gold Mining
20:39 Fletching
21:26 Bow Saw
24:35 Wheelbarrow
26:06 Stone Mining
28:55 Hand Cart
28:33 Town Watch
28:50 Horse Collar
30:31 Bodkin Arrow
33:07 Stone Shaft Mining
33:07 Gold Shaft Mining
33:42 Heavy Plow
38:16 Imperial Age
38:01 Padded Archer Armor
38:34 Caravan
39:05 Scale Mail Armor
39:16 Forging
39:41 Conscription
38:41 Elite Shotel Warrior
40:35 Chemistry
39:55 Ballistics
40:45 Chain Mail Armor
40:31 Bracer
40:35 Arbalester
41:48 Masonry
41:33 Murder Holes
41:44 Siege Engineers
43:59 Leather Archer Armor
44:15 Plate Mail Armor
44:21 Iron Casting
45:14 Ring Archer Armor
45:33 Guilds
19MCMLXXXIV84
2:06 Loom
12:45 Feudal Age
14:48 Double-Bit Axe
16:15 Horse Collar
23:18 Castle Age
21:23 Gold Mining
21:59 Stone Mining
23:24 Wheelbarrow
24:34 Bow Saw
24:27 Heavy Plow
25:59 Fervor
26:11 Sanctity
28:46 Fletching
30:02 Scale Barding Armor
30:39 Town Watch
32:22 Hand Cart
36:15 Imperial Age
34:18 Corvinian Army
34:40 Chain Barding Armor
35:17 Padded Archer Armor
35:12 Bodkin Arrow
35:40 Ballistics
36:48 Leather Archer Armor
36:43 Thumb Ring
38:06 Chemistry
43:18 Parthian Tactics
42:45 Heavy Cavalry Archer
你磊哥
10:19 Feudal Age
9:42 Loom
10:53 Double-Bit Axe
17:01 Castle Age
15:23 Horse Collar
19:30 Bow Saw
19:23 Heavy Plow
20:00 Wheelbarrow
20:11 Husbandry
20:22 Bloodlines
21:21 Bloodlines
23:27 Hand Cart
27:31 Gold Mining
27:32 Stone Mining
30:46 Imperial Age
28:04 Town Watch
28:36 Thumb Ring
28:25 Fletching
28:36 Padded Archer Armor
30:28 Bodkin Arrow
30:49 Leather Archer Armor
30:57 Ballistics
31:33 Stone Shaft Mining
30:50 Heavy Cavalry Archer
33:00 Chemistry
33:48 Bracer
34:18 Ring Archer Armor
34:25 Ring Archer Armor
39:39 Chatras
Connection lost

Rejoining the realm…

Still unreachable

The connection could not be restored.

Session expired

The server has moved on; the page needs a fresh start.